AoeStats
← DK_Odysseo

Arena

508045467Analyzed
1v1 RM · 12d ago on Sep 20, 2026· 40m 13s· 2 players
Game mode
Random Map
Map size
Tiny (2 player)
Population
200
Speed
Normal
Resources
Standard
Victory
Conquest
Starting age
Dark Age
Ending age
Imperial Age
RankedLock teamsTeams togetherTeam positionsShared explorationLock speedFull tech treeHidden civsTurbo modeCheats
Victory
Defeat
🇪🇸 Georgians · Spain
1846
+17
🇫🇷 Maya · France
1876
-17
DK_Odysseo
10:40 Feudal Age
11:44 Town Watch
14:33 Castle Age
12:38 Double-Bit Axe
13:16 Horse Collar
14:46 Light Cavalry
16:55 Town Watch
17:56 Wheelbarrow
19:02 Bow Saw
20:41 Heavy Plow
22:20 Gold Mining
27:19 Imperial Age
24:35 Loom
25:18 Scale Mail Armor
24:48 Man-at-Arms
25:14 Gambesons
25:38 Squires
26:03 Forging
25:45 Long Swordsman
27:20 Chain Mail Armor
27:27 Two-Handed Swordsman
29:18 Champion
30:19 Capped Ram
32:55 Plate Mail Armor
33:06 Iron Casting
34:17 Siege Ram
34:46 Onager
36:09 Siege Onager
38:40 Chemistry
Halzum
0:26 Loom
11:36 Feudal Age
12:23 Double-Bit Axe
12:50 Horse Collar
15:18 Castle Age
16:49 Bow Saw
21:35 Wheelbarrow
21:46 Heavy Plow
22:36 Town Watch
23:15 Hand Cart
24:36 Gold Mining
24:38 Stone Mining
27:15 Stone Shaft Mining
26:45 Squires
26:05 Eagle Warrior
26:07 Pikeman
29:29 Imperial Age
27:24 Ballistics
26:43 Eagle Warrior
27:56 Fletching
28:07 Padded Archer Armor
28:00 Treadmill Crane
28:30 Masonry
28:41 Bodkin Arrow
28:47 Scale Mail Armor
28:57 Forging
29:00 Thumb Ring
28:18 Elite Skirmisher
30:19 Leather Archer Armor
31:10 Chemistry
30:21 Bracer
29:41 Pikeman
31:24 Conscription
31:25 Chain Mail Armor
31:40 Ring Archer Armor
31:57 Hoardings
31:15 Elite Plumed Archer
32:30 Architecture
31:41 Halberdier
33:03 Plate Mail Armor
33:08 Iron Casting
36:19 Capped Ram
37:54 Crop Rotation
Connection lost

Rejoining the realm…

Still unreachable

The connection could not be restored.

Session expired

The server has moved on; the page needs a fresh start.